 Dungeon Crawl Stone Soup version 0.29-a0-824-gd827844252 (webtiles) character file.

Game seed: 108828469300091438

1666 coolguy69 the Cutter (level 9, -1/46 HPs)
             Began as a Vine Stalker Monk on July 10, 2022.
             Slain by an ogre
             ... wielding a +0 giant club
              (17 damage)
             ... on level 5 of the Dungeon.
             The game lasted 00:05:01 (4328 turns).

coolguy69 the Cutter (Vine Stalker Monk)            Turns: 4328, Time: 00:05:02

Health: -1/46      AC:  9    Str: 19    XL:     9   Next: 1%
Magic:  0/10       EV: 13    Int: 10    God:
Gold:   259        SH:  9    Dex: 22    Spells: 8/8 levels left

rFire   + . .      SeeInvis .   a - +0 short sword
rCold   . . .      Faith    .   (no shield)
rNeg    . . .      Spirit   +   p - +4 ring mail {rF+}
rPois   .          Reflect  +   (no helmet)
rElec   .          Harm     .   (no cloak)
rCorr   .          Rampage  .   (no gloves)
Will    ++...                   (no boots)
Stlth   +++.......              q - amulet of reflection
HPRegen 0.95/turn               h - +6 ring of dexterity
MPRegen 0.12/turn               (no ring)

@: no status effects
A: fangs 3, regeneration 1, magic shield, antimagic bite, no potion heal 2,
large bone plates 1, deterioration 1, strong-willed 1
a: no special abilities


You were on level 5 of the Dungeon.
You visited 1 branch of the dungeon, and saw 5 of its levels.
You also visited: Ossuary.

You collected 259 gold pieces.

Inventory:

Hand Weapons
 a - a +0 short sword (weapon)
Armour
 p - a +4 ring mail of fire resistance (worn)
Jewellery
 h - a +6 ring of dexterity (left hand)
 q - an amulet of reflection (around neck)
Scrolls
 b - a scroll of immolation {unknown}
 d - 4 scrolls of blinking
 e - a scroll of enchant weapon {unknown}
 g - a scroll of identify
 i - a scroll of torment {unknown}
 l - 3 scrolls of vulnerability
 m - a scroll of noise
 n - a scroll of magic mapping
 o - 4 scrolls of teleportation {unknown}
 v - a scroll of enchant armour {unknown}
 w - a scroll of silence
Potions
 c - 2 potions of ambrosia
 f - 6 potions of curing
 j - a potion of mutation
 k - 3 potions of attraction
 r - a potion of degeneration {unknown}
 s - 2 potions of berserk rage {unknown}
 t - a potion of lignification {unknown}
 u - a potion of might {unknown}
 x - 2 potions of resistance {unknown}


   Skills:
 + Level 4.5 Fighting
 + Level 7.0 Short Blades
 + Level 3.5 Armour
 + Level 3.5 Dodging
 + Level 5.7 Stealth
 + Level 2.5 Shields


You had 8 spell levels left.
You didn't know any spells.
Your spell library contained the following spells:

 Spells                   Type           Power      Damage    Failure   Level
 Magic Dart               Conj           0%         1d3       54%         1
 Call Imp                 Summ           0%         N/A       67%         2
 Frozen Ramparts          Ice            0%         1d2       88%         3
 Mephitic Cloud           Conj/Pois/Air  0%         N/A       88%         3
 Ice Form                 Ice/Tmut       0%         N/A       99%         4
 Summon Ice Beast         Ice/Summ       0%         N/A       99%         4


Dungeon Overview and Level Annotations

Branches:
Dungeon (5/15)            Ossuary (visited)
 Temple: D:4-7

Altars:
Hepliaklqana

Shops:
D:1 =

Portals:
Sewer: D:5

Annotations:
D:4 2 transporters, zhov's ghost, amateur FoHu


Innate Abilities, Weirdness & Mutations

You have razor-sharp teeth.
Your natural rate of healing is unusually fast.
When hurt, damage is shared between your health and your magic reserves.
Your bite disrupts and absorbs the magic of your enemies.
Potions cannot restore your health.
You are partially covered in large bone plates. (SH +4)
Your body sometimes deteriorates upon taking damage.
You are strong-willed. (Will+)


Message History

You block the ufetubus's attack. x2; The ufetubus closely misses you.
The ufetubus barely misses you.
You hit the ufetubus. Your bite misses the ufetubus.
The ufetubus is moderately wounded.
You block the ufetubus's attack. x2
You hit the ufetubus. Your bite misses the ufetubus.
The ufetubus is heavily wounded.
You block the ufetubus's attack. x2
You barely miss the ufetubus. Your bite misses the ufetubus.
The ufetubus is heavily wounded.
The ufetubus barely misses you. You block the ufetubus's attack.
The ogre hits you with a +0 giant club!!
You barely miss the ufetubus.
You punch the ufetubus, but do no damage.
Your bite misses the ufetubus.
The ufetubus is heavily wounded.
You block the ufetubus's attack. The ufetubus closely misses you.
You barely miss the ufetubus. Your bite misses the ufetubus.
The ufetubus is heavily wounded.
You block the ufetubus's attack. The ufetubus closely misses you.
The ogre barely misses you.
You hit the ufetubus but do no damage.
The ufetubus is heavily wounded.
You block the ufetubus's attack. x3; The ufetubus barely misses you.
You miss the ufetubus.
You bite the ufetubus, but do no damage.
The ufetubus is heavily wounded.
The ogre hits you with a +0 giant club!!
The ufetubus closely misses you.
The ufetubus hits you but does no damage.
You are too injured to fight recklessly!
You are too injured to fight recklessly!
You are too injured to fight recklessly!
You are too injured to fight recklessly!
You are too injured to fight recklessly!
You are too injured to fight recklessly!
Okay, then.
The ogre attacks as you move away!
The ogre hits you with a +0 giant club!!
You die...

.)...........#
.)...........#
.............#### #
......<...†...... ..
.............########...
........[....####.....
.........†..........##..
................O5?.....
................@.......
....................##..
........................
############........##.<
#........# . #........#
#........# #........#
#........#


You could see an ogre and an ufetubus.

Vanquished Creatures
  Pikel (D:4)
  Grinder (D:3)
  Sigmund (D:3)
  A wraith (Ossuary)
  Edmund (D:4)
  A sky beast (D:3)
  A lemure (D:4)
  A necrophage (D:5)
  2 scorpions
  2 human zombies (D:4)
  A hound (D:4)
  A human skeleton (D:4)
  An orc wizard (D:5)
  3 mummies (Ossuary)
  3 gnolls (D:3)
  6 adders
  A white imp (D:4)
  3 worms (D:2)
  5 orcs
  9 ball pythons
  8 bats
  8 endoplasms
  6 giant cockroaches
  8 goblins
  2 hobgoblins
  5 jackals
  4 kobolds
  4 quokkas
  3 frilled lizards
  A gnoll zombie (Ossuary)
  5 hobgoblin zombies (Ossuary)
  3 kobold zombies (Ossuary)
  3 orc skeletons (D:4)
  3 rats
108 creatures vanquished.

Notes
Turn   | Place    | Note
-------+----------+-------------------------------------------
     0 | D:1      | coolguy69 the Vine Stalker Monk began the quest for the
                  | Orb.
     0 | D:1      | Reached XP level 1. HP: 11/11 MP: 2/2
   123 | D:1      | Reached XP level 2. HP: 6/16 MP: 1/3
   378 | D:1      | Found a faded altar of an unknown god.
   476 | D:1      | Reached skill level 3 in Short Blades
   671 | D:1      | Found Uddoig Sybae's Jewellery Shop.
   835 | D:1      | Reached XP level 3. HP: 20/20 MP: 4/4
  1783 | D:2      | Gained mutation: Your natural rate of healing is unusually
                  | fast. [Vine Stalker growth]
  1783 | D:2      | Reached XP level 4. HP: 24/24 MP: 5/5
  2405 | D:3      | Noticed Grinder
  2416 | D:3      | Paralysed by Grinder for 4 turns
  2422 | D:3      | Gained mutation: You are strong-willed. (Will+) [potion of
                  | mutation]
  2422 | D:3      | Gained mutation: Your body sometimes deteriorates upon
                  | taking damage. [potion of mutation]
  2422 | D:3      | Gained mutation: You are partially covered in large bone
                  | plates. (SH +4) [potion of mutation]
  2438 | D:3      | Paralysed by Grinder for 3 turns
  2442 | D:3      | Killed Grinder
  2443 | D:3      | Reached skill level 4 in Short Blades
  2443 | D:3      | Reached skill level 1 in Armour
  2443 | D:3      | Reached XP level 5. HP: 11/28 MP: 2/6
  2443 | D:3      | Reached XP level 6. HP: 12/32 MP: 2/7
  2488 | D:3      | Noticed Sigmund
  2495 | D:3      | Killed Sigmund
  2496 | D:3      | Reached skill level 5 in Short Blades
  2496 | D:3      | Reached XP level 7. HP: 36/36 MP: 8/8
  3030 | D:4      | Noticed zhov's ghost (amateur FoHu)
  3031 | D:4      | Found a transporter.
  3090 | D:4      | Noticed Edmund
  3123 | D:4      | Killed Edmund
  3124 | D:4      | Reached skill level 5 in Stealth
  3124 | D:4      | Reached skill level 1 in Shields
  3168 | D:4      | Found a transporter.
  3216 | D:4      | Gained mutation: You have razor-sharp teeth. [Vine Stalker
                  | growth]
  3216 | D:4      | Reached XP level 8. HP: 37/42 MP: 9/9
  3217 | D:4      | Noticed Pikel
  3250 | D:4      | Killed Pikel
  3251 | D:4      | Reached skill level 6 in Short Blades
  3327 | D:4      | Found a hazy altar of Hepliaklqana.
  3555 | D:4      | Found a sand-covered staircase.
  3562 | Ossuary  | Entered an ossuary
  3562 | Ossuary  | Noticed a wraith
  3562 | Ossuary  | Noticed a wraith
  3562 | Ossuary  | Noticed a wraith
  3835 | Ossuary  | Noticed a wraith
  3855 | Ossuary  | Killed a wraith
  4188 | D:5      | Entered Level 5 of the Dungeon
  4222 | D:5      | Reached skill level 7 in Short Blades
  4222 | D:5      | Reached XP level 9. HP: 43/46 MP: 10/10
  4278 | D:5      | Found a glowing drain.
  4328 | D:5      | Slain by an ogre

Illustrated notes

Levels and vault maps discovered:
D:1:      mrwooster_arrival_statue_3, layout_basic, serial_shops,
          nicolae_shop_statue_plus, basic_ecumenical_altar
D:2:      layout_basic, minmay_hexomino_f4
D:3:      layout_loops_cross, uniq_sigmund, uniq_grinder
D:4:      layout_loops_ring, general_overflow_altar,
          nicolae_ossuary_entry_catacombs, gammafunk_ghost_mausoleum,
          uniq_edmund, uniq_pikel
D:5:      layout_basic, minmay_temple_entry_trees, portal_sewer_entry_e,
          uniq_menkaure, uniq_crazy_yiuf_cottage, uniq_prince_ribbit1

Skill      XL: |  1  2  3  4  5  6  7  8 |
---------------+-------------------------+-----
Short Blades   | 3 4 5 7 |  7.0
Fighting       | 3 4 |  4.5
Stealth        | 3 4 5 |  5.7
Armour         | 1 2 3 |  3.5
Dodging        | 3 |  3.5
Shields        | 1 2 |  2.5

Action                   |  1- 3 |  4- 6 |  7- 9 || total
-------------------------+-------+-------+-------++-------
Melee: Short sword       |    79 |    53 |   242 ||   374
       Bite              |    16 |    14 |    87 ||   117
       Punch             |       |       |     4 ||     4
  Use: Potion            |     1 |     3 |       ||     4
       Scroll            |       |       |     5 ||     5
 Stab: Sleeping          |    11 |     3 |    12 ||    26
Armor: Robe              |     4 |       |       ||     4
       Leather armour    |     3 |       |       ||     3
       Ring mail         |       |    23 |    37 ||    60
Dodge: Dodged            |    37 |    25 |    82 ||   144
Block: Other             |       |     8 |    74 ||    82
       Reflection        |       |       |     1 ||     1

Table legend: (Time is in decaauts)
 A = Elapsed time spent in this place.
 B = Non-inter-level travel time spent in this place.
 C = Inter-level travel time spent in this place.
 D = Time resting spent in this place.
 E = Time spent auto-exploring this place.
 F = Levels seen in this place.
 G = Mean time per level.
                   A        B        C        D        E       F      G
               +--------+--------+--------+--------+--------+-----+--------+
         Total |   4280 |   4168 |    112 |    384 |   2935 |   6 |  713.3 |
       Dungeon |   3873 |   3761 |    112 |    384 |   2640 |   5 |  774.6 |
       Ossuary |    406 |    406 |      0 |      0 |    295 |   1 |  406.0 |
               +--------+--------+--------+--------+--------+-----+--------+

Top non-repeatable levels by time:
     D:2: 1371 daAuts
     D:1: 914 daAuts
     D:4: 768 daAuts
     D:3: 686 daAuts
 Ossuary: 406 daAuts
     D:5: 132 daAuts
